 Dungeon Crawl Stone Soup version 0.21-a0-633-g4c047d5 (webtiles) character file.

219 mortelune the Firebug (level 5, 0/38 HPs)
             Began as a Draconian Fire Elementalist on Dec 28, 2017.
             Slain by a jackal (2 damage)
             ... on level 3 of the Dungeon.
             The game lasted 00:12:02 (4656 turns).

mortelune the Firebug (Draconian Fire Elementalist) Turns: 4656, Time: 00:12:03

Health: 0/38       AC:  5    Str: 11    XL:     5   Next: 63%
Magic:  5/9        EV: 12    Int: 16    God:
Gold:   131        SH:  0    Dex: 11    Spells: 0/10 levels left

rFire    . . .     SeeInvis .   q - +2 flail (holy)
rCold    . . .     Gourm    .   (no shield)
rNeg     + . .     Faith    .   (armour unavailable)
rPois    .         Spirit   .   (helmet restricted)
rElec    .         Reflect  .   (no cloak)
rCorr    .         Harm     .   (no gloves)
MR       .....                  (no boots)
Stlth    ++........             (no amulet)
HPRegen  0.12/turn              h - ring of positive energy
MPRegen  0.11/turn              (no ring)

@: no status effects
A: unfitting armour, cold-blooded, AC +5
a: no special abilities


You were on level 3 of the Dungeon.
You were hungry.

You visited 1 branch of the dungeon, and saw 4 of its levels.

You collected 131 gold pieces.

Inventory:

Hand Weapons
 g - a +0 club
 l - a +0 flail
 q - a +2 flail of holy wrath (weapon)
Jewellery
 h - a ring of positive energy (left hand)
Scrolls
 c - 2 scrolls of immolation {unknown}
 d - 4 scrolls of magic mapping
 f - a scroll of blinking {unknown}
 k - a scroll of remove curse
 m - 2 scrolls of teleportation
 o - 2 scrolls of identify {unknown}
 p - a scroll of fog
 r - a scroll of enchant armour {unknown}
Potions
 j - a potion of might
Books
 a - a book of Flames

   Spells                             Type                      Level
   a - Flame Tongue                   Conjuration/Fire             1
   b - Throw Flame                    Conjuration/Fire             2
   c - Conjure Flame                  Conjuration/Fire             3
   d - Inner Flame                    Hexes/Fire                   3
   e - Sticky Flame                   Conjuration/Fire             4
   f - Fireball                       Conjuration/Fire             5
Comestibles
 b - 4 rations


   Skills:
 - Level 1.7 Dodging
 - Level 1.7 Stealth
 + Level 3.1 Spellcasting
 * Level 4.0 Conjurations
 + Level 4.1 Fire Magic


You couldn't memorise any spells.
You knew the following spells:

 Your Spells              Type           Power        Failure   Level  Hunger
a - Flame Tongue          Conj/Fire      ###..        3%          1    None
b - Throw Flame           Conj/Fire      ###...       5%          2    ##.....
c - Conjure Flame         Conj/Fire      ###.....     11%         3    ###....
d - Sticky Flame          Conj/Fire      ###.....     34%         4    ####...


Dungeon Overview and Level Annotations

Branches:
Dungeon (4/15)
 Temple: D:4-7

Altars:
Sif Muna

Annotations:
D:4 Lanoc's ghost, amateur FeTm


Innate Abilities, Weirdness & Mutations

Your plain brown scales are hard. (AC +5)
You cannot fit into any form of body armour.
You are cold-blooded and may be slowed by cold attacks.


Message History

The jackal bites you.
* * * LOW HITPOINT WARNING * * *
The jackal barely misses you. x2; The jackal misses you.
It was a potion of magic.
Magic courses through your body. The jackal bites you.
* * * LOW HITPOINT WARNING * * *
The jackal bites you but does no damage.
Casting: Sticky Flame
Confirm with . or Enter, or press ? or * to list all spells.
Aiming: Sticky Flame
Press: ? - help, Shift-Dir - straight line, f - jackal
Aim: a jackal The sticky flame hits the jackal.
The jackal is heavily wounded.
The jackal is covered in liquid flames!
You are feeling hungry.
The jackal burns!
You kill the jackal!
The jackal bites you.
You die...

#####[[.........#
#.......#####
#.#.....#
#.....### #.....#
#>....#
######.....#
#††..#.....#
#@)........# ###
#h)...(....# #.#
#..........# #.#
#........><####.#
#.............#.##
######.....##.#...
#########.####
#.........#
#.#########


You could see a jackal.

Vanquished Creatures
  Terence (D:2)
  A worker ant (D:4)
  Robin (D:2)
  3 gnolls
  5 adders
  3 worms
  2 dart slugs
  A leopard gecko (D:1)
  5 orcs (D:3)
  9 bats
  13 goblins
  8 hobgoblins
  3 jackals (D:3)
  A ball python skeleton (D:2)
  2 frilled lizards
  2 kobolds
  8 rats
68 creatures vanquished.

Notes
Turn   | Place    | Note
-------+----------+-------------------------------------------
     0 | D:1      | mortelune the Draconian Fire Elementalist began the quest for the Orb.
     0 | D:1      | Reached XP level 1. HP: 14/14 MP: 3/3
   481 | D:1      | Reached XP level 2. HP: 20/20 MP: 0/5
   561 | D:1      | Learned a level 2 spell: Throw Flame
  1161 | D:2      | Reached XP level 3. HP: 26/26 MP: 0/6
  1223 | D:2      | Learned a level 3 spell: Conjure Flame
  1234 | D:2      | Noticed Robin
  1254 | D:2      | Killed Robin
  2109 | D:2      | Reached XP level 4. HP: 33/33 MP: 5/7
  2309 | D:2      | Noticed Terence
  2321 | D:2      | Killed Terence
  3551 | D:3      | Found a deep blue altar of Sif Muna.
  3903 | D:3      | Reached XP level 5. HP: 25/38 MP: 1/9
  4140 | D:4      | Noticed a phantom
  4200 | D:4      | Noticed Lanoc's ghost (amateur FeTm)
  4506 | D:4      | Learned a level 4 spell: Sticky Flame
  4656 | D:3      | Slain by a jackal

Vault maps used:
D:1:      minmay_arrival_stone_box, minmay_tromino_v4_c
D:2:      uniq_terence, uniq_robin
D:3:      old_standard_altar
D:4:      minivault_26

Skill      XL: |  1  2  3  4  5 |
---------------+----------------+-----
Conjurations   | 2 3 4 |  4.0
Spellcasting   | 3 |  3.1
Fire Magic     | 4 |  4.1
Dodging        | |  1.7
Stealth        | |  1.7

Action                   |  1- 3 |  4- 6 || total
-------------------------+-------+-------++-------
Melee: Club              |    12 |       ||    12
       Tailslap          |     1 |     2 ||     3
       Flail             |       |     7 ||     7
 Cast: Flame Tongue      |    56 |    56 ||   112
       Throw Flame       |     7 |    12 ||    19
       Sticky Flame      |       |     3 ||     3
  Use: Scroll            |       |     4 ||     4
       Potion            |       |     4 ||     4
  Eat: Chunk             |     5 |     5 ||    10
       Ration            |       |     1 ||     1
Armor: Skin              |    11 |    12 ||    23
Dodge: Dodged            |    26 |    42 ||    68

Table legend:
 A = Spawn XP
 B = Non-spawn XP
 C = Spawn XP percentage of total XP
 D = Spawn monster count
 E = Non-spawn monster count
 F = Spawn count percentage of total count
 G = Total turns spent on level
                    A         B        C        D         E        F      G
               +---------+---------+-------+---------+---------+-------+---------
         Total |       0 |     313 |   0.0 |       0 |      68 |   0.0 |  4656
               +---------+---------+-------+---------+---------+-------+---------
           D:1 |       0 |      25 |   0.0 |       0 |      14 |   0.0 |  1084
           D:2 |       0 |     127 |   0.0 |       0 |      28 |   0.0 |  2189
           D:3 |       0 |      83 |   0.0 |       0 |      21 |   0.0 |  1285
           D:4 |       0 |      78 |   0.0 |       0 |       5 |   0.0 |    98
               +---------+---------+-------+---------+---------+-------+---------
